 Dungeon Crawl Stone Soup version 0.21.1-1-g345015fe64 (webtiles) character file.

3817 BrokenGlass the Covert (level 10, -2/57 HPs)
             Began as a Vine Stalker Assassin on Mar 24, 2018.
             Was an Initiate of Gozag.
             Slain by Prince Ribbit (4 damage)
             ... on level 8 of the Dungeon.
             The game lasted 00:14:07 (7555 turns).

BrokenGlass the Covert (Vine Stalker Assassin)      Turns: 7555, Time: 00:14:08

Health: -2/57      AC: 12    Str: 16    XL:     10   Next: 17%
Magic:  0/11       EV: 13    Int: 12    God:    Gozag
Gold:   783        SH:  5    Dex: 16    Spells: 9/9 levels left

rFire    x . .     SeeInvis .   a - +2 dagger
rCold    . . .     Gourm    .   A - +0 buckler
rNeg     + + .     Faith    .   D - +0 leather armour (curse)
rPois    .         Spirit   +   r - +4 helmet of Jydaijost {rElec rF- rN++}
rElec    +         Reflect  .   d - +0 cloak
rCorr    .         Harm     .   (no gloves)
MR       +....                  n - +2 pair of boots
Stlth    +++.......             (no amulet)
HPRegen  0.59/turn              t - ring of loudness (curse)
MPRegen  0.12/turn              (no ring)

@: no status effects
A: fangs 3, regeneration 1, magic shield, antimagic bite, no potion heal 3, rot
immunity
a: Potion Petition, Call Merchant, Bribe Branch, Renounce Religion


You were on level 8 of the Dungeon.
You worshipped Gozag.
Gozag was pleased with you.
You were not hungry.

You visited 2 branches of the dungeon, and saw 9 of its levels.
You also visited: Ossuary.

You collected 897 gold pieces.
You paid 114 gold pieces to Gozag.

Inventory:

Hand Weapons
 a - a +2 dagger (weapon)
 b - a +0 blowgun
 q - a +0 hunting sling
 O - a cursed -2 shortbow
 Q - a +0 dagger of pain
Missiles
 e - 39 poisoned needles
 f - 15 tomahawks
 l - 121 sling bullets
 v - a curare-tipped needle
 F - 85 arrows
 M - 6 poisoned javelins (quivered)
 R - 65 bolts
 U - 3 needles of sleeping
Armour
 c - a +0 robe
 d - a +0 cloak (worn)
 n - a +2 pair of boots (worn)
 r - the +4 helmet of Jydaijost (worn) {rElec rF- rN++}
   (You took it off Robin on level 2 of the Dungeon)

   It makes you vulnerable to fire.
   It insulates you from electricity.
   It greatly protects you from negative energy.
 A - a +0 buckler (worn)
 D - a cursed +0 leather armour (worn)
Magical Staves
 V - an uncursed staff of conjuration {unknown}
Jewellery
 t - a cursed ring of loudness (left hand)
 w - an uncursed amulet of faith {unknown}
 y - an uncursed ring of protection from magic {unknown}
Wands
 p - a wand of polymorph (8)
 G - a wand of paralysis (6)
 I - a wand of acid (9)
Scrolls
 j - 6 scrolls of identify {unknown}
 o - a scroll of amnesia {unknown}
 C - a scroll of remove curse {unknown}
 E - 6 scrolls of teleportation {unknown}
 N - a scroll of enchant armour {unknown}
 P - 2 scrolls of magic mapping {unknown}
 T - a scroll of noise {unknown}
Potions
 h - 2 potions of heal wounds {unknown}
 i - 3 potions of might {unknown}
 k - 2 potions of resistance {unknown}
 m - a potion of haste {unknown}
 s - a potion of brilliance {unknown}
 u - a potion of lignification {unknown}
 x - 6 potions of degeneration {unknown}
 z - 6 potions of flight {unknown}
 B - 4 potions of curing {unknown}
 H - a potion of agility {unknown}
 J - a potion of berserk rage {unknown}
 K - a potion of ambrosia {unknown}
 L - a potion of mutation {unknown}
 S - 2 potions of cancellation {unknown}
Comestibles
 g - 12 rations


   Skills:
 * Level 8.7 Fighting
 - Level 5.4 Short Blades
 - Level 1.7 Throwing
 * Level 3.4 Dodging
 + Level 10.2 Stealth
 - Level 4.0 Shields


You had 9 spell levels left.
You didn't know any spells.

Dungeon Overview and Level Annotations

Branches:
Dungeon (8/15)             Temple (1/1) D:5
   Lair: D:8-11

Altars:
Ashenzari
Cheibriados
Dithmenos
Elyvilon
Fedhas
Gozag
Hepliaklqana
Okawaru
Qazlal
Ru
Sif Muna
Trog
Uskayaw
Vehumet
Wu Jian
Xom
Yredelemnul
Zin
The Shining One

Annotations:
D:8 Pikel, Prince Ribbit


Innate Abilities, Weirdness & Mutations

You have razor-sharp teeth.
Your natural rate of healing is unusually fast.
When hurt, damage is shared between your health and your magic reserves.
Your bite disrupts and absorbs the magic of your enemies.
Potions cannot restore your health.
You are immune to rotting.


Message History

Unknown command.
Unknown command.
Unknown command.
Prince Ribbit hits you.
* * * LOW HITPOINT WARNING * * *
Evoke which item? (* to show all) (? for menu, Esc to quit)
Aiming: Corrosive Bolt
Press: ? - help, Shift-Dir - straight line, f/p - Prince Ribbit
Aim: Prince Ribbit (severely wounded)
The bolt of acid misses Prince Ribbit.
Prince Ribbit hits you.
* * * LOW HITPOINT WARNING * * *
Pikel the Slaver comes into view.
He is wielding a whip of flaming.
Prince Ribbit falters for a moment.
Unknown command.
Unknown command.
Unknown command.
Unknown command.
Prince Ribbit hits you.
You die...
Your body crumbles into a pile of gold.

## #### #. ..#
#.####.###
#........#
#...#..#.#
#####......#p#####
#.......#..n.F@..#
#.####n#####.###.#
#.#####.# #.#
#.......# #.####
##.....## #....#
.......# ####.#
#.......# #.#
......K.# ###.####
n#.......#
#......#


You could see Prince Ribbit, a slave and a necrophage.

Vanquished Creatures
  The ghost of BrokenGlass the Covert, a novice VSAs (D:4)
  2 wraiths (Ossuary)
  Sigmund (D:6)
  Eustachio (D:6)
  A hungry ghost (D:8)
  A water moccasin (D:7)
  3 sky beasts
  2 ice beasts
  3 ogres
  2 centaurs
  3 big kobolds (D:7)
  2 bullfrogs
  Blork the orc (D:6)
  A water moccasin zombie (D:7)
  4 killer bees (D:6)
  A scorpion (D:4)
  2 wights (Ossuary)
  4 howler monkeys
  2 bullfrog zombies
  A centaur zombie (D:5)
  3 crimson imps
  A hound (D:5)
  A jelly (D:8)
  2 orc wizards
  Crazy Yiuf (D:5)
  A bullfrog skeleton (D:8)
  4 iguanas
  Terence (D:2)
  7 worker ants
  A hound skeleton (D:4)
  Robin (D:2)
  3 gnolls (D:7)
  9 adders
  2 shadow imps (D:7)
  An adder skeleton (D:5)
  2 adder zombies (Ossuary)
  3 worms (D:2)
  3 dart slugs
  4 leopard geckos
  8 orcs
  4 giant cockroaches
  22 goblins
  11 hobgoblins
  4 jackals
  22 kobolds
  2 ball pythons
  7 bats
  8 frilled lizards
  A goblin skeleton (D:7)
  A hobgoblin skeleton (Ossuary)
  3 hobgoblin zombies (D:7)
  6 kobold zombies
  A leopard gecko skeleton (D:4)
  An orc skeleton (Ossuary)
  3 orc zombies
  8 rats
200 creatures vanquished.

Notes
Turn   | Place    | Note
-------+----------+-------------------------------------------
     0 | D:1      | BrokenGlass the Vine Stalker Assassin began the quest for the Orb.
     0 | D:1      | Reached XP level 1. HP: 11/11 MP: 2/2
    73 | D:1      | Reached skill level 5 in Stealth
    84 | D:1      | Reached XP level 2. HP: 10/15 MP: 0/3
   517 | D:1      | Reached XP level 3. HP: 19/19 MP: 4/4
   952 | D:2      | Noticed Robin
  1271 | D:2      | Killed Robin
  1271 | D:2      | Gained mutation: Your natural rate of healing is unusually fast. [Vine Stalker growth]
  1271 | D:2      | Reached XP level 4. HP: 12/23 MP: 3/5
  1365 | D:2      | Noticed Terence
  1429 | D:2      | Killed Terence
  1429 | D:2      | Reached skill level 6 in Stealth
  1496 | D:2      | Reached XP level 5. HP: 28/28 MP: 6/6
  1536 | D:2      | Noticed an ice beast
  1703 | D:2      | Got a twisted helmet
  1709 | D:2      | Identified the +4 helmet of Jydaijost {rElec rF- rN++} (You took it off Robin on level 2 of the Dungeon)
  1898 | D:2      | Found a basalt altar of Yredelemnul.
  2630 | D:3      | Reached XP level 6. HP: 30/33 MP: 5/7
  2882 | D:4      | Noticed BrokenGlass's ghost (novice VSAs)
  2896 | D:4      | Killed BrokenGlass's ghost
  2896 | D:4      | Reached skill level 7 in Stealth
  2896 | D:4      | Reached XP level 7. HP: 30/38 MP: 5/8
  3351 | D:4      | You fall through a shaft for 3 floors!
  3455 | D:7      | Reached skill level 5 in Fighting
  3504 | D:7      | Gained mutation: You have razor-sharp teeth. [Vine Stalker growth]
  3504 | D:7      | Reached XP level 8. HP: 40/43 MP: 7/9
  3522 | D:7      | Found a sand-covered staircase.
  3526 | Ossuary  | Entered an ossuary
  3625 | Ossuary  | Noticed a flying skull
  3625 | Ossuary  | Noticed a wraith
  3634 | Ossuary  | Noticed a flying skull
  3636 | Ossuary  | Noticed a flying skull
  3657 | Ossuary  | Noticed a flying skull
  3658 | Ossuary  | Noticed a flying skull
  3682 | Ossuary  | Noticed a wraith
  3684 | Ossuary  | Killed a wraith
  3711 | Ossuary  | Noticed a wraith
  3735 | Ossuary  | Killed a wraith
  3735 | Ossuary  | Reached skill level 8 in Stealth
  4001 | D:5      | Entered Level 5 of the Dungeon
  4049 | D:5      | Found a staircase to the Ecumenical Temple.
  4124 | D:5      | Reached XP level 9. HP: 45/49 MP: 8/10
  4135 | Temple   | Entered the Ecumenical Temple
  4245 | Temple   | Became a worshipper of Gozag Ym Sagoz the Greedy
  4392 | D:5      | Found a runed door.
  4726 | D:4      | Reached skill level 5 in Short Blades
  4766 | D:4      | Reached skill level 9 in Stealth
  5403 | D:5      | Noticed Crazy Yiuf
  5405 | D:5      | Paralysed by Crazy Yiuf for 3 turns
  5410 | D:5      | Killed Crazy Yiuf
  5487 | D:6      | Noticed Eustachio
  5492 | D:6      | Noticed Sigmund
  5512 | D:6      | Killed Eustachio
  5557 | D:6      | Killed Sigmund
  5689 | D:6      | Noticed Blork the orc
  5721 | D:6      | Killed Blork the orc
  6481 | D:7      | Reached skill level 1 in Dodging
  6573 | D:7      | Found a glowing golden altar of the Shining One.
  6736 | D:7      | Found a bloodstained altar of Trog.
  7334 | D:8      | Reached XP level 10. HP: 56/56 MP: 11/11
  7352 | D:8      | Reached skill level 10 in Stealth
  7530 | D:8      | Noticed Prince Ribbit
  7545 | D:8      | HP: 2/57 [Prince Ribbit (10)]
  7553 | D:8      | HP: 1/57 [Prince Ribbit (4)]
  7554 | D:8      | Noticed Pikel
  7555 | D:8      | Slain by Prince Ribbit

Skill      XL: |  1  2  3  4  5  6  7  8  9 10 |
---------------+-------------------------------+-----
Stealth        | 5 6 7 8 9 10 | 10.2
Fighting       | 2 3 4 5 6 8 |  8.7
Short Blades   | 2 3 4 5 |  5.4
Shields        | 2 3 4 |  4.0
Dodging        | 2 3 |  3.4
Throwing       | |  1.7

Action                   |  1- 3 |  4- 6 |  7- 9 | 10-12 || total
-------------------------+-------+-------+-------+-------++-------
Melee: Dagger            |   108 |   164 |   562 |    56 ||   890
       Bite              |    14 |    38 |   210 |    19 ||   281
 Fire: Hunting sling     |       |    27 |       |       ||    27
       Blowgun           |       |    13 |       |       ||    13
Evoke: Wand              |       |       |     5 |     3 ||     8
 Stab: Sleeping          |     6 |     3 |     9 |     2 ||    20
       Distracted        |       |     1 |     2 |       ||     3
       Paralysed         |       |       |     3 |       ||     3
  Eat: Chunk             |     1 |     5 |     5 |       ||    11
       Ration            |       |       |     3 |     1 ||     4
Armor: Robe              |    44 |    79 |     6 |       ||   129
       Leather armour    |       |       |   153 |    10 ||   163
Dodge: Dodged            |    74 |   117 |   209 |    16 ||   416
Block: Buckler           |       |     3 |   117 |     7 ||   127
